 Dungeon Crawl Stone Soup version 0.28-a0-804-g60983d4ba9 (webtiles) character file.

Game seed: 12438769273359605121

23 lessens the Charlatan (level 2, 0/21 HPs)
             Began as a Demonspawn Artificer on Nov 7, 2021.
             Slain by a kobold (2 damage)
             ... on level 1 of the Dungeon.
             The game lasted 00:01:55 (1161 turns).

lessens the Charlatan (Demonspawn Artificer)        Turns: 1161, Time: 00:01:56

Health: 0/21       AC:  3    Str: 12    XL:     2   Next: 75%
Magic:  2/2        EV: 11    Int: 12    God:
Gold:   5          SH:  0    Dex: 13    Spells: 1/1 levels left

rFire   . . .      SeeInvis .   f - +3 dagger
rCold   . . .      Faith    .   (no shield)
rNeg    . . .      Spirit   .   b - +0 leather armour
rPois   .          Reflect  .   (no helmet)
rElec   .          Harm     .   (no cloak)
rCorr   .          Rampage  .   (no gloves)
Will    .....                   (no boots)
Stlth   +.........              (no amulet)
HPRegen 0.07/turn               (no ring)
MPRegen 0.08/turn               (no ring)

@: no status effects
A: powered by pain 1
a: no special abilities


You were on level 1 of the Dungeon.
You visited 1 branch of the dungeon, and saw 1 of its levels.

You collected 5 gold pieces.

Inventory:

Hand Weapons
 a - a +0 club
 f - a +3 dagger (weapon)
Missiles
 g - 20 stones
Armour
 b - a +0 leather armour (worn)
Wands
 c - a wand of flame (15) (quivered)
 d - a wand of charming (14)
Scrolls
 i - a scroll of teleportation {unknown}
 l - a scroll of noise {unknown}
Potions
 h - a potion of degeneration {unknown}
 j - a potion of curing {unknown}
 k - a potion of brilliance {unknown}
Miscellaneous
 e - a piece from Xom's chessboard (8/15)


   Skills:
 - Level 1.0 Fighting
 + Level 2.2 Maces & Flails
 - Level 1.7 Armour
 - Level 0.8 Dodging
 - Level 0.8 Stealth
 - Level 3.0 Evocations


You had one spell level left.
You didn't know any spells.
Your spell library contained the following spells:

 Spells                   Type           Power      Damage    Failure   Level
 Animate Skeleton         Necr           0%         N/A       38%         1
 Pain                     Necr           0%         1d4       38%         1
 Vampiric Draining        Necr           0%         2d6       77%         3


Dungeon Overview and Level Annotations

Branches:
Dungeon (1/15)

Altars:


Innate Abilities, Weirdness & Mutations

You sometimes gain a little power by taking damage.


Message History

You hit the endoplasm.
You kill the endoplasm!
You hit the rat.
You kill the rat!
The ball python bites you but does no damage.
The ball python closely misses you. The ball python misses you.
The ball python barely misses you.
You see here a rat corpse.
You barely miss the ball python.
The ball python is moderately wounded.
The ball python barely misses you. The ball python closely misses you.
You closely miss the ball python.
The ball python is moderately wounded.
The ball python closely misses you. The ball python barely misses you.
You hit the ball python.
You kill the ball python!
The kobold throws a stone.
The stone hits you.
You are too injured to fight recklessly!
You are too injured to fight recklessly!
The kobold barely misses you.
Items here: )) ††.
You hit the kobold but do no damage.
The kobold hits you with a +0 short sword.
* * * LOW HITPOINT WARNING * * *
You closely miss the kobold. The kobold barely misses you.
You hit the kobold but do no damage. The kobold barely misses you.
You hit the kobold.
The kobold is severely wounded.
The kobold closely misses you.
You barely miss the kobold.
The kobold is severely wounded.
The kobold closely misses you.
You barely miss the kobold.
The kobold is severely wounded.
The kobold hits you with a +0 short sword.
* * * LOW HITPOINT WARNING * * *
You hit the kobold but do no damage.
The kobold is severely wounded.
The kobold hits you with a +0 short sword.
You die...

### #.## #..#
##.# #.## ##.
# #..# #.. ..
##.###.# ...
#..##.# ..#
##†##.##...##
#@##..#...)#
#K.#....# .#
♣♣ ##.#..###..
.♣♣
##..........
..♣♣
#?...#.##.##
...♣
#.#.........
...♣
###'##'.#####.
♣..♣ #.......#
...♣
#.......'.⌠.'.


You could see a kobold.

Vanquished Creatures
  A dart slug (D:1)
  3 ball pythons (D:1)
  An endoplasm (D:1)
  2 hobgoblins (D:1)
  2 quokkas (D:1)
  A bat (D:1)
  3 goblins (D:1)
  3 kobolds (D:1)
  2 rats (D:1)
18 creatures vanquished.

Vanquished Creatures (collateral kills)
  A goblin (D:1)
1 creature vanquished.

Grand Total: 19 creatures vanquished

Notes
Turn   | Place    | Note
-------+----------+-------------------------------------------
     0 | D:1      | lessens the Demonspawn Artificer began the quest for the
                  | Orb.
     0 | D:1      | Reached XP level 1. HP: 15/15 MP: 1/1
   528 | D:1      | Reached skill level 1 in Maces & Flails
   796 | D:1      | Gained mutation: You sometimes gain a little power by
                  | taking damage. [demonic ancestry]
   796 | D:1      | Reached XP level 2. HP: 20/21 MP: 2/2
  1161 | D:1      | Slain by a kobold

Illustrated notes

Levels and vault maps discovered:
D:1:      amcnicky_arrival_underground_garden, layout_basic,
          ebering_ecumenical_altar_sacrificial, minmay_misc_feat_room,
          minmay_pentomino_s4

Skill      XL: |  1  2 |
---------------+-------+-----
Maces & Flails | 1 2 |  2.2
Fighting       | |  1.0
Armour         | |  1.7
Dodging        | |  0.8
Stealth        | |  0.8
Evocations     | |  3.0

Action                   || total
-------------------------++-------
Melee: Dagger            ||    59
       Club              ||     6
Evoke: Piece from Xom's  ||     7
       Wand              ||     1
 Stab: Sleeping          ||     1
Armor: Leather armour    ||    18
Dodge: Dodged            ||    41

Table legend: (Time is in decaauts)
 A = Elapsed time spent in this place.
 B = Non-inter-level travel time spent in this place.
 C = Inter-level travel time spent in this place.
 D = Time resting spent in this place.
 E = Time spent auto-exploring this place.
 F = Levels seen in this place.
 G = Mean time per level.
                   A        B        C        D        E       F      G
               +--------+--------+--------+--------+--------+-----+--------+
         Total |   1162 |   1162 |      0 |    164 |    759 |   1 | 1162.0 |
       Dungeon |   1162 |   1162 |      0 |    164 |    759 |   1 | 1162.0 |
               +--------+--------+--------+--------+--------+-----+--------+

Top non-repeatable levels by time:
     D:1: 1162 daAuts
